 Dungeon Crawl Stone Soup version 0.25.1-2-g60ff931df9 (webtiles) character file.

Game seed: 12535535130994602876

14 Garessta the Magician (level 2, -3/22 HPs)
             Began as a Naga Wizard on Oct 17, 2020.
             Slain by a kobold
             ... wielding a +0 dagger
              (4 damage)
             ... on level 1 of the Dungeon.
             The game lasted 00:06:00 (766 turns).

Garessta the Magician (Naga Wizard)                  Turns: 766, Time: 00:06:01

Health: -3/22      AC:  1    Str:  9    XL:     2   Next: 45%
Magic:  0/6        EV: 10    Int: 18    God:
Gold:   25         SH:  0    Dex:  9    Spells: 4/7 levels left

rFire    . . .     SeeInvis +   (no weapon)
rCold    . . .     Gourm    .   (no shield)
rNeg     . . .     Faith    .   a - +0 robe
rPois    +         Spirit   .   b - +0 hat
rElec    .         Reflect  .   (no cloak)
rCorr    .         Harm     .   (no gloves)
MR       .....                  (no barding)
Stlth    ++........             (no amulet)
HPRegen  0.07/turn              (no ring)
MPRegen  0.10/turn              (no ring)

@: very slow
A: large, see invisible, deformed body, poison resistance, slowness 2, slow
metabolism 1, spit poison 1, AC +0
a: Spit Poison


You were on level 1 of the Dungeon.
You were not hungry.

You visited 1 branch of the dungeon, and saw 1 of its levels.

You collected 25 gold pieces.

Inventory:

Armour
 a - a +0 robe (worn)
 b - a +0 hat (worn)
Scrolls
 c - a scroll of identify {unknown}
Potions
 e - a potion of curing {unknown}
Comestibles
 d - a ration
 f - 6 chunks of flesh


   Skills:
 - Level 1.5 Dodging
 - Level 3.0 Stealth
 - Level 3.1 Spellcasting
 + Level 1.9 Conjurations
   Level 1.0 Summonings
 * Level 1.3 Translocations


You had 4 spell levels left.
You knew the following spells:

 Your Spells              Type           Power        Failure   Level  Hunger
a - Blink                 Tloc           N/A          14%         2    ##.....
m - Magic Dart            Conj           #...         8%          1    None

Your spell library contained the following spells:

 Spells                   Type           Power        Failure   Level  Hunger
 Call Imp                 Summ           #.......     16%         2    ##.....
 Slow                     Hex            #.......     24%         2    ##.....
 Conjure Flame            Conj/Fire      #.......     32%         3    ###....
 Mephitic Cloud           Conj/Pois/Air  #.......     36%         3    ###....


Dungeon Overview and Level Annotations

Branches:
Dungeon (1/15)

Altars:


Innate Abilities, Weirdness & Mutations

You cannot wear boots.
Your serpentine skin is tough. (AC +0)
You have supernaturally acute eyesight. (SInv)
Armour fits poorly on your strangely shaped body.
Your system is resistant to poisons. (rPois)
You cover ground very slowly.
You have a slow metabolism.
You can spit poison.


Message History

The hobgoblin barely misses you. The kobold hits you with a +0 dagger.
You completely miss the hobgoblin.
The hobgoblin is almost dead.
The hobgoblin closely misses you. The kobold hits you but does no damage.
You barely miss the hobgoblin.
The hobgoblin is almost dead.
The hobgoblin hits you with a +0 club. The kobold hits you but does no damage.
You hit the hobgoblin but do no damage.
The hobgoblin is almost dead.
The hobgoblin misses you. The kobold closely misses you.
You closely miss the hobgoblin.
The hobgoblin is almost dead.
The hobgoblin hits you with a +0 club. The kobold hits you with a +0 dagger.
* * * LOW HITPOINT WARNING * * *
You barely miss the hobgoblin.
The hobgoblin is almost dead.
The hobgoblin hits you with a +0 club.
* * * LOW HITPOINT WARNING * * *
The kobold hits you with a +0 dagger.
You die...

##.###)## .#
.......... .# #
######.... ##)# .#
#.##. ...##.##
#.##.
##$.#...#######.##.
..... ...........
#.#gK# ######.##. #
#.#@.# #.##. #.
#.#..# # #.##.
#.##.#..##.###
#.##.
##............#
#....
............#.#
###.. ####....#####
#.. #.[..# #..
######...#
########..
.......รท.#
..........


You could see a hobgoblin and a kobold.

Vanquished Creatures
  5 leopard geckos (D:1)
  A goblin (D:1)
  2 hobgoblins (D:1)
8 creatures vanquished.

Vanquished Creatures (others)
  A minotaur (D:1)
  2 draconians (D:1)
  An octopode (D:1)
  An elf (D:1)
  A troll (D:1)
  2 spriggans (D:1)
  2 humans (D:1)
  A centaur (D:1)
  A mummy (D:1)
  4 tentacles (D:1)
16 creatures vanquished.

Grand Total: 24 creatures vanquished

Notes
Turn   | Place    | Note
-------+----------+-------------------------------------------
     0 | D:1      | Garessta the Naga Wizard began the quest for the Orb.
     0 | D:1      | Reached XP level 1. HP: 15/15 MP: 4/4
     0 | D:1      | Noticed an octopode
     0 | D:1      | Noticed a draconian
     0 | D:1      | Noticed a spriggan
     0 | D:1      | Noticed a minotaur
     0 | D:1      | Noticed a kraken
     0 | D:1      | Noticed a spriggan
     0 | D:1      | Noticed a human
     0 | D:1      | Noticed a draconian
     0 | D:1      | Noticed a troll
     0 | D:1      | Noticed a human
     0 | D:1      | Noticed a centaur
     0 | D:1      | Noticed an elf
     3 | D:1      | Killed an elf
     6 | D:1      | Killed an octopode
     6 | D:1      | Killed a human
     7 | D:1      | Killed a spriggan
     7 | D:1      | Killed a centaur
     9 | D:1      | Killed a troll
     9 | D:1      | Killed a draconian
    10 | D:1      | Killed a minotaur
    11 | D:1      | Killed a spriggan
    14 | D:1      | Killed a draconian
    15 | D:1      | Killed a human
   455 | D:1      | Reached XP level 2. HP: 14/22 MP: 0/6
   461 | D:1      | Learned a level 2 spell: Blink
   766 | D:1      | HP: 1/22 [hobgoblin/+0 club (2)]
   766 | D:1      | Slain by a kobold

Illustrated notes

Levels and vault maps discovered:
D:1:      nicolae_arrival_kraken_aquarium_a, layout_loops_ring

Action                   || total
-------------------------++-------
Melee: Unarmed           ||    13
 Cast: Magic Dart        ||    24
 Abil: Spit Poison       ||     5
Dodge: Dodged            ||    20
